 Dungeon Crawl Stone Soup version 0.22-a0-348-gd16d139 (webtiles) character file.

3287 grindst0ne the Martial Artist (level 10, -12/74 HPs)
             Began as a Gnoll Transmuter on Apr 11, 2018.
             Was a High Priest of Cheibriados.
             Mangled by an orc knight
             ... wielding a +0 war axe
              (21 damage)
             ... in a bailey.
             The game lasted 00:14:31 (5989 turns).

grindst0ne the Martial Artist (Gnoll Transmuter)    Turns: 5989, Time: 00:14:32

Health: -12/74     AC:  2    Str: 25    XL:     10   Next: 1%
Magic:  20/20      EV: 29    Int: 29    God:    Cheibriados [*****.]
Gold:   290        SH:  0    Dex: 31    Spells: 12/22 levels left

rFire    . . .     SeeInvis +     - Unarmed
rCold    . . .     Gourm    .   (shield currently unavailable)
rNeg     + . .     Faith    +   (armour currently unavailable)
rPois    x         Spirit   .   (helmet currently unavailable)
rElec    .         Reflect  .   (cloak currently unavailable)
rCorr    .         Harm     .   (gloves currently unavailable)
MR       .....                  (boots currently unavailable)
Stlth    ++++......             v - amulet of faith
HPRegen  0.22/turn              h - ring of see invisible
MPRegen  0.17/turn              y - ring of positive energy

@: spider-form, very slow
A: tiny, distributed training, strong nose
a: End Transformation, Bend Time, Temporal Distortion, Slouch, Step From Time,
Renounce Religion


You were in a bailey.
You worshipped Cheibriados.
Cheibriados was extremely pleased with you.
You were not hungry.
You were a venomous arachnid creature.
You visited 2 branches of the dungeon, and saw 9 of its levels.
You also visited: Bailey.

You collected 395 gold pieces.
You spent 105 gold pieces at shops.

Inventory:

Hand Weapons
 K - a +0 halberd
Missiles
 a - 178 arrows
 n - 15 tomahawks (quivered)
 t - 6 javelins
 J - 53 tomahawks of returning
Armour
 b - a +0 robe (melded)
 e - a +1 cloak of invisibility (melded)
Jewellery
 h - a ring of see invisible (left front leg)
 i - an uncursed ring of resist corrosion
 j - an uncursed ring of magical power
 v - an amulet of faith (around neck)
 w - an uncursed amulet of regeneration
 y - a ring of positive energy (right front leg)
Wands
 m - a wand of disintegration (5)
 s - a wand of random effects (53)
 A - a wand of acid (11)
Scrolls
 c - a scroll of brand weapon {unknown}
 g - 2 scrolls of fear
 k - 2 scrolls of immolation
 l - 2 scrolls of random uselessness
 o - 2 scrolls of enchant weapon
 q - a scroll of amnesia
 r - 3 scrolls of teleportation
 u - a scroll of remove curse
 B - a scroll of enchant armour
 H - a scroll of magic mapping {unknown}
 I - a scroll of identify
Potions
 f - a potion of resistance
 p - a potion of cancellation
 x - 3 potions of curing
 z - 6 potions of mutation
 C - 3 potions of brilliance
 D - a potion of invisibility
 E - a potion of degeneration {unknown}
 G - a potion of flight {unknown}
Comestibles
 d - 17 rations
 F - 4 chunks of flesh


   Skills:
 + Level 5.4 Fighting
 + Level 4.7 Short Blades
 + Level 4.7 Long Blades
 + Level 4.7 Axes
 + Level 4.7 Maces & Flails
 + Level 4.7 Polearms
 + Level 4.7 Staves
 + Level 4.7 Slings
 + Level 4.7 Bows
 + Level 4.7 Crossbows
 + Level 4.7 Throwing
 + Level 4.7 Armour
 + Level 6.6 Dodging
 + Level 4.7 Stealth
 + Level 4.7 Shields
 + Level 8.1 Unarmed Combat
 + Level 6.9 Spellcasting
 + Level 3.9 Conjurations
 + Level 3.9 Hexes
 + Level 3.9 Charms
 + Level 3.9 Summonings
 + Level 3.9 Necromancy
 + Level 3.9 Translocations
 + Level 5.5 Transmutations
 + Level 3.9 Fire Magic
 + Level 3.9 Ice Magic
 + Level 3.9 Air Magic
 + Level 3.9 Earth Magic
 + Level 3.9 Poison Magic
 + Level 5.2 Invocations
 + Level 4.7 Evocations


You had 12 spell levels left.
You knew the following spells:

 Your Spells              Type           Power        Failure   Level  Hunger
b - Sticks to Snakes      Tmut           #####...     4%          2    None
c - Spider Form           Tmut/Pois      #####.....   9%          3    None
d - Blade Hands           Tmut           #####.....   32%         5    ####...


Dungeon Overview and Level Annotations

Branches:
Dungeon (8/15)             Temple (1/1) D:4
   Lair: D:8-11

Altars:
Ashenzari
Cheibriados
Dithmenos
Elyvilon
Fedhas
Gozag
Kikubaaqudgha
Makhleb
Nemelex Xobeh
Okawaru
Qazlal
Ru
Sif Muna
Trog
Uskayaw
Vehumet
Wu Jian
Yredelemnul
The Shining One

Shops:
D:6 *

Annotations:
D:7 1 runed door


Innate Abilities, Weirdness & Mutations

Your experience applies equally to all skills.
((You have very sharp teeth.))
Your uncanny sense of smell can sniff out nearby items.


Message History

You bite the orc knight!
The orc knight looks as sick as possible!
The orc knight is severely wounded.
The gnoll completely misses you.
The orc knight hits you with a war axe!!
You bite the orc knight!
The orc knight is almost dead.
The gnoll completely misses you. The orc knight hits you with a war axe!
You hit the orc knight but do no damage.
The orc knight looks as sick as possible!
The orc knight is almost dead.
You hit the orc knight but do no damage.
The orc knight looks as sick as possible!
The orc knight is almost dead.
The gnoll hits you from afar with a halberd of electrocution!
You are electrocuted!
* * * LOW HITPOINT WARNING * * *
The orc knight completely misses you.
The orc knight hits you with a war axe!!
You die...

#)###.# #.#)###.###.#
#'# ### #### ### ###
#.###.# #.#g# o# #.#
##'##'##'# #g##K##'#
##†....# #!....#
###))...#####g!...###
#.)..⌠..'.# '..gg.'.#
###.....### #.K.o.#
#....s## ##K....#
#'##'##o###'##'##'#
#.# #.###!gK## # ##
### #####


You could see an orc knight and a gnoll.

Vanquished Creatures
  Prince Ribbit (D:7)
  A hippogriff (D:5)
  A wyvern (D:8)
  An orc warrior (D:6)
  2 ogres
  4 sky beasts
  3 phantoms
  A necrophage (D:7)
  2 centaurs
  A big kobold (D:7)
  A bullfrog (D:8)
  4 killer bees (D:8)
  4 wights (D:7)
  5 crimson imps (D:5)
  A quasit (D:7)
  2 hounds
  A bullfrog skeleton (D:5)
  5 orc priests
  4 iguanas
  Terence (D:3)
  3 orc wizards
  5 worker ants
  A killer bee zombie (D:5)
  7 adders
  14 gnolls
  2 shadow imps
  2 adder zombies (D:5)
  3 worms
  10 dart slugs
  23 orcs
  6 bats
  5 giant cockroaches
  4 goblins
  15 hobgoblins
  11 jackals
  13 kobolds
  10 quokkas
  10 frilled lizards
  8 rats
197 creatures vanquished.

Vanquished Creatures (others)
  A bat (D:1)
1 creature vanquished.

Grand Total: 198 creatures vanquished

Notes
Turn   | Place    | Note
-------+----------+-------------------------------------------
     0 | D:1      | grindst0ne the Gnoll Transmuter began the quest for the Orb.
     0 | D:1      | Reached XP level 1. HP: 17/17 MP: 6/6
   132 | D:1      | Reached XP level 2. HP: 22/23 MP: 5/7
   681 | D:2      | Reached skill level 5 in Spellcasting
   681 | D:2      | Reached XP level 3. HP: 15/28 MP: 6/9
   709 | D:2      | Learned a level 2 spell: Sticks to Snakes
   713 | D:2      | Learned a level 3 spell: Spider Form
   923 | D:2      | Reached skill level 1 in Invocations
  1139 | D:2      | Reached skill level 1 in Short Blades
  1139 | D:2      | Reached skill level 1 in Long Blades
  1139 | D:2      | Reached skill level 1 in Axes
  1139 | D:2      | Reached skill level 1 in Maces & Flails
  1139 | D:2      | Reached skill level 1 in Polearms
  1139 | D:2      | Reached skill level 1 in Staves
  1139 | D:2      | Reached skill level 1 in Slings
  1139 | D:2      | Reached skill level 1 in Bows
  1139 | D:2      | Reached skill level 1 in Crossbows
  1139 | D:2      | Reached skill level 1 in Throwing
  1139 | D:2      | Reached skill level 1 in Armour
  1139 | D:2      | Reached skill level 1 in Stealth
  1139 | D:2      | Reached skill level 1 in Shields
  1139 | D:2      | Reached skill level 1 in Evocations
  1155 | D:2      | Reached XP level 4. HP: 29/34 MP: 7/11
  1647 | D:3      | Noticed Terence
  1655 | D:3      | Killed Terence
  1655 | D:3      | Reached skill level 1 in Conjurations
  1655 | D:3      | Reached skill level 1 in Hexes
  1655 | D:3      | Reached skill level 1 in Charms
  1655 | D:3      | Reached skill level 1 in Summonings
  1655 | D:3      | Reached skill level 1 in Necromancy
  1655 | D:3      | Reached skill level 1 in Translocations
  1655 | D:3      | Reached skill level 1 in Fire Magic
  1655 | D:3      | Reached skill level 1 in Ice Magic
  1655 | D:3      | Reached skill level 1 in Air Magic
  1655 | D:3      | Reached skill level 1 in Earth Magic
  1655 | D:3      | Reached skill level 1 in Poison Magic
  1655 | D:3      | Reached XP level 5. HP: 31/40 MP: 8/12
  1776 | D:3      | Noticed a centaur
  1785 | D:3      | Killed a centaur
  2466 | D:4      | Reached XP level 6. HP: 40/47 MP: 13/13
  2525 | D:4      | Learned a level 5 spell: Blade Hands
  2672 | D:4      | Found a hide-covered altar of Uskayaw.
  2722 | D:4      | Reached skill level 5 in Dodging
  2975 | D:4      | Found a staircase to the Ecumenical Temple.
  2987 | Temple   | Entered the Ecumenical Temple
  3053 | Temple   | Became a worshipper of Cheibriados the Contemplative
  3156 | D:5      | Entered Level 5 of the Dungeon
  3160 | D:5      | Noticed a sky beast
  3171 | D:5      | Killed a sky beast
  3171 | D:5      | Reached XP level 7. HP: 33/52 MP: 15/15
  3214 | D:5      | Reached skill level 7 in Unarmed Combat
  3463 | D:5      | Reached * piety under Cheibriados
  3606 | D:5      | Noticed a hippogriff
  3615 | D:5      | Killed a hippogriff
  3615 | D:5      | Reached XP level 8. HP: 34/60 MP: 13/16
  3831 | D:5      | Found a shattered altar of Ashenzari.
  3835 | D:5      | Saw a vision of the Shoals and the Spider Nest.
  3835 | D:5      | Noticed a sea snake
  3835 | D:5      | Noticed a sea snake
  3835 | D:5      | Noticed a merfolk
  3835 | D:5      | Noticed a sea snake
  3835 | D:5      | Noticed a redback
  3835 | D:5      | Noticed a redback
  3835 | D:5      | Noticed a redback
  3835 | D:5      | Noticed a wolf spider
  3835 | D:5      | Noticed a redback
  3835 | D:5      | Noticed a redback
  3836 | D:5      | Noticed a hippogriff
  3837 | D:5      | Noticed a merfolk
  3840 | D:5      | Noticed a redback
  4548 | D:6      | Found Meanas's Assorted Antiques.
  4551 | D:6      | Bought a scroll of identify for 42 gold pieces
  4551 | D:6      | Bought a scroll of identify for 42 gold pieces
  4551 | D:6      | Bought a scroll labeled REOLYL CIN for 21 gold pieces
  4726 | D:6      | Reached ** piety under Cheibriados
  4802 | D:7      | Reached XP level 9. HP: 57/66 MP: 14/18
  4892 | D:7      | Reached skill level 5 in Transmutations
  4965 | D:7      | Noticed Prince Ribbit
  4975 | D:7      | Killed Prince Ribbit
  5103 | D:7      | Found a glowing golden altar of the Shining One.
  5324 | D:7      | Found a runed door.
  5327 | D:7      | Noticed a sixfirhy
  5477 | D:8      | Reached skill level 5 in Fighting
  5514 | D:8      | Reached *** piety under Cheibriados
  5596 | D:8      | Reached skill level 8 in Unarmed Combat
  5647 | D:8      | Reached skill level 5 in Invocations
  5733 | D:8      | Reached **** piety under Cheibriados
  5734 | D:8      | Found a flagged portal.
  5742 | Bailey   | Entered a bailey
  5915 | Bailey   | Reached XP level 10. HP: 58/74 MP: 17/20
  5958 | Bailey   | Noticed an orc knight
  5977 | Bailey   | Reached ***** piety under Cheibriados
  5989 | Bailey   | Mangled by an orc knight

Vault maps used:
D:1:      tarquinn_simple_flora_water_c
D:2:      first_ration, st_stairs_14
D:3:      uniq_terence
D:4:      kennysheep_slugbush, kennysheep_mini_moat, temple_green
D:5:      minmay_strange_pillars, grunt_ashenzari_visionary
D:6:      serial_glass, glass_columns_a, glass_columns_b, feat_on_display,
          due_unseen_surprise, serial_shops, nicolae_shop_behind_doors
D:7:      cheibrodos_shockbox, kennysheep_mini, uniq_prince_ribbit1
D:8:      enter_bailey_2, uniq_joseph, uniq_erica
Temple:   hc_temple_tempest_star
Bailey:   bailey_axe_2, bailey

Skill      XL: |  1  2  3  4  5  6  7  8  9 |
---------------+----------------------------+-----
Spellcasting   | 5 6 |  6.9
Invocations    | 1 2 3 4 5 |  5.2
Short Blades   | 1 2 3 4 |  4.7
Long Blades    | 1 2 3 4 |  4.7
Axes           | 1 2 3 4 |  4.7
Maces & Flails | 1 2 3 4 |  4.7
Polearms       | 1 2 3 4 |  4.7
Staves         | 1 2 3 4 |  4.7
Slings         | 1 2 3 4 |  4.7
Bows           | 1 2 3 4 |  4.7
Crossbows      | 1 2 3 4 |  4.7
Throwing       | 1 2 3 4 |  4.7
Armour         | 1 2 3 4 |  4.7
Stealth        | 1 2 3 4 |  4.7
Shields        | 1 2 3 4 |  4.7
Evocations     | 1 2 3 4 |  4.7
Conjurations   | 1 2 3 |  3.9
Hexes          | 1 2 3 |  3.9
Charms         | 1 2 3 |  3.9
Summonings     | 1 2 3 |  3.9
Necromancy     | 1 2 3 |  3.9
Translocations | 1 2 3 |  3.9
Fire Magic     | 1 2 3 |  3.9
Ice Magic      | 1 2 3 |  3.9
Air Magic      | 1 2 3 |  3.9
Earth Magic    | 1 2 3 |  3.9
Poison Magic   | 1 2 3 |  3.9
Fighting       | 3 4 5 |  5.4
Transmutations | 4 5 |  5.5
Dodging        | 5 6 |  6.6
Unarmed Combat | 7 8 |  8.1

Action                   |  1- 3 |  4- 6 |  7- 9 | 10-12 || total
-------------------------+-------+-------+-------+-------++-------
Melee: Unarmed           |    76 |   126 |   323 |    23 ||   548
       Headbutt          |     5 |       |       |       ||     5
       Bite              |     4 |     1 |     3 |       ||     8
       Kick              |     3 |       |       |       ||     3
       Punch             |     1 |       |     2 |       ||     3
 Cast: Beastly Appendage |    17 |     1 |       |       ||    18
       Spider Form       |     1 |    23 |    43 |     2 ||    69
       Sticks to Snakes  |       |       |     8 |       ||     8
  Use: Scroll            |       |       |    14 |       ||    14
       Potion            |       |       |     2 |       ||     2
 Stab: Sleeping          |     2 |     3 |     4 |       ||     9
  Eat: Chunk             |       |     9 |     6 |       ||    15
Armor: Robe              |    13 |     3 |     2 |       ||    18
       Skin              |       |     6 |     6 |     1 ||    13
Dodge: Dodged            |    63 |   115 |   441 |    48 ||   667

Table legend:
 A = Spawn XP
 B = Non-spawn XP
 C = Spawn XP percentage of total XP
 D = Spawn monster count
 E = Non-spawn monster count
 F = Spawn count percentage of total count
 G = Total turns spent on level
                    A         B        C        D         E        F      G
               +---------+---------+-------+---------+---------+-------+---------
         Total |       0 |    4697 |   0.0 |       0 |     197 |   0.0 |  5989
               +---------+---------+-------+---------+---------+-------+---------
           D:1 |       0 |      25 |   0.0 |       0 |      13 |   0.0 |   603
           D:2 |       0 |     104 |   0.0 |       0 |      23 |   0.0 |  1041
           D:3 |       0 |     187 |   0.0 |       0 |      25 |   0.0 |   811
           D:4 |       0 |     240 |   0.0 |       0 |      22 |   0.0 |   622
           D:5 |       0 |    1204 |   0.0 |       0 |      28 |   0.0 |   833
           D:6 |       0 |     488 |   0.0 |       0 |      11 |   0.0 |   795
           D:7 |       0 |    1033 |   0.0 |       0 |      18 |   0.0 |   681
           D:8 |       0 |    1241 |   0.0 |       0 |      29 |   0.0 |   277
        Bailey |       0 |     175 |   0.0 |       0 |      28 |   0.0 |   247
               +---------+---------+-------+---------+---------+-------+---------
